 Dungeon Crawl Stone Soup version 0.29-a0-416-g83a48905f1 (webtiles) character file.

Game seed: 7111482012009205703

4 siradein the Cutter (level 1, 0/11 HPs)
             Began as a Vine Stalker Berserker on May 16, 2022.
             Was a Follower of Trog.
             Slain by a kobold
             ... wielding a +0 whip
              (4 damage)
             ... on level 1 of the Dungeon.
             The game lasted 00:00:33 (116 turns).

siradein the Cutter (Vine Stalker Berserker)         Turns: 116, Time: 00:00:33

Health: 0/11       AC:  2    Str: 19    XL:     1   Next: 70%
Magic:  0/2        EV: 12    Int:  7    God:    Trog [*.....]
Gold:   0          SH:  0    Dex: 13    Spells: 0/0 levels left

rFire   . . .      SeeInvis .   a - +0 short sword
rCold   . . .      Faith    .   (no shield)
rNeg    . . .      Spirit   +   b - +0 animal skin
rPois   .          Reflect  .   (no helmet)
rElec   .          Harm     .   (no cloak)
rCorr   .          Rampage  .   (no gloves)
Will    .....                   (no boots)
Stlth   +.........              (no amulet)
HPRegen 0.03/turn               (no ring)
MPRegen 0.08/turn               (no ring)

@: no status effects
A: fangs 2, magic shield, antimagic bite, no potion heal 2
a: Renounce Religion, Berserk


You were on level 1 of the Dungeon.
You worshipped Trog.
Trog was aware of your devotion.
You visited 1 branch of the dungeon, and saw 1 of its levels.

Inventory:

Hand Weapons
 a - a +0 short sword (weapon)
Armour
 b - a +0 animal skin (worn)
Scrolls
 d - a scroll of noise {unknown}
Potions
 c - a potion of attraction {unknown}


   Skills:
 + Level 2.8 Fighting
 + Level 2.8 Short Blades
 - Level 1.5 Armour
 - Level 1.5 Dodging


You couldn't memorise any spells.
You didn't know any spells.
Your spell library was empty.

Dungeon Overview and Level Annotations

Branches:
Dungeon (1/15)

Altars:


Innate Abilities, Weirdness & Mutations

You have extremely sharp teeth.
When hurt, damage is shared between your health and your magic reserves.
Your bite disrupts and absorbs the magic of your enemies.
Potions cannot restore your health.


Message History

Found a stone staircase leading down.
You hit the dart slug. You bite the dart slug. You drain its power.
You feel invigorated.
The dart slug is heavily wounded.
A jackal comes into view. x2
The dart slug barely misses you.
The jackal barks!
You hit the dart slug.
The dart slug is almost dead.
A jackal comes into view.
The dart slug barely misses you.
You hit the dart slug.
You kill the dart slug!
Trog accepts your kill.
You barely miss the kobold. The kobold closely misses you.
You hit the kobold but do no damage. Your bite misses the kobold.
The kobold closely misses you.
You hit the jackal.
The jackal is moderately wounded.
The kobold hits you with a +0 whip. The rat barely misses you.
You completely miss the jackal.
The jackal is moderately wounded.
The jackal barely misses you. The jackal closely misses you.
The kobold hits you with a +0 whip. The rat closely misses you.
You are too injured to fight recklessly!
You are too injured to fight recklessly!
You are too injured to fight recklessly!
You are too injured to fight recklessly!
The jackal barely misses you. The jackal closely misses you.
The jackal attacks as you move away! The jackal closely misses you.
The jackal attacks as you move away!
The jackal bites you but does no damage.
The jackal attacks as you move away!
The jackal bites you but does no damage.
Found 7 gold pieces.
The jackal attacks as you move away! The jackal bites you.
The jackal attacks as you move away! The jackal misses you.
The kobold attacks as you move away! The kobold hits you with a +0 whip.
You die...

########
##################......#
###...............##.####.#
...................#...#....
...................#........
b......................#....
#......................#....
.........h####........#....
#.....rh@................
#.....hK#.........#.#....
..###.......#.........#.#.#..
............#.........#.#.##.
.......######.....[...#.#....
....... $...... ###. .......
....... ## ....... ..#####
.......


You could see 3 jackals, a kobold and a rat.

Vanquished Creatures
  A dart slug (D:1)
  A ball python (D:1)
  A rat (D:1)
3 creatures vanquished.

Notes
Turn   | Place    | Note
-------+----------+-------------------------------------------
     0 | D:1      | siradein the Vine Stalker Berserker began the quest for the
                  | Orb.
     0 | D:1      | Reached XP level 1. HP: 11/11 MP: 2/2
   116 | D:1      | Slain by a kobold

Illustrated notes

Levels and vault maps discovered:
D:1:      lemuel_arrival_behind_the_door_large, layout_basic, feat_on_display

Action                   || total
-------------------------++-------
Melee: Short sword       ||    13
       Bite              ||     2
Armor: Animal skin       ||     2
Dodge: Dodged            ||    15

Table legend: (Time is in decaauts)
 A = Elapsed time spent in this place.
 B = Non-inter-level travel time spent in this place.
 C = Inter-level travel time spent in this place.
 D = Time resting spent in this place.
 E = Time spent auto-exploring this place.
 F = Levels seen in this place.
 G = Mean time per level.
                   A        B        C        D        E       F      G
               +--------+--------+--------+--------+--------+-----+--------+
         Total |    115 |    115 |      0 |      0 |     82 |   1 |  115.0 |
       Dungeon |    115 |    115 |      0 |      0 |     82 |   1 |  115.0 |
               +--------+--------+--------+--------+--------+-----+--------+

Top non-repeatable levels by time:
     D:1: 115 daAuts
